[Event "Open NK Rapid 2025 bord 26-50"]
[Site "Helmond, Netherlands"]
[Date "2025.05.03"]
[Round "1.24"]
[White "Den Heijer, Rolinde"]
[Black "De Wit, Jim"]
[Result "1-0"]
[TimeControl "15 min +5 sec increment"]
[WhiteFideId "1068300"]
[BlackFideId "1097326"]
[WhiteElo "1991"]
[BlackElo "1690"]

1. e4 c5 2. Nf3 a6 3. c3 d5 4.
exd5 Qxd5 5. d4 e6 6. Be2 Nf6 7. O-O Nc6 8. Be3 cxd4 9. Nxd4 Bd6 10. Nd2 O-O 11. Re1 Bb8 12. Bf3 Qd6 13.
Nf1 Nd5 14. Bg5 Ba7 15. Nxc6 bxc6 16. Qd2 Qc7 17. Be4 f5 18. Bf3 f4 19. c4 Nb6 20. Qb4 Rf7 21. Rad1 Bb7 22. Rxe6 c5 23.
Qc3 h6 24. Bxb7 Qxb7 25. Bd8 Nd7 26. Re8+ Rf8 27. Rxf8+ Kxf8 28. Ba5 Kg8 29. Qd2 Nf6 30. Bc3 Qe7 31. Qxf4 Bb8 32. Qf3 Ra7 33. Ng3 Rc7 34. Re1 Qf7 35. h3 Rc8 36. Nf5 Re8 37. Rd1 Qe6 38.
g3 Ne4 39. Bxg7 Qf7 40. Nxh6+ 1-0

[Event "Open NK Rapid 2025 bord 26-50"]
[Site "Helmond, Netherlands"]
[Date "2025.05.03"]
[Round "1.25"]
[White "Toroptsev, Kristian"]
[Black "Apon, Iwahn"]
[Result "0-1"]
[TimeControl "15 min +5 sec increment"]
[WhiteFideId "268852"]
[BlackFideId "1056115"]
[WhiteElo "1686"]
[BlackElo "1987"]

1. d4 Nf6 2. Bf4 d6 3. e3 c5 4.
c3 cxd4 5. exd4 g6 6. Nf3 Bg7 7. Bd3 Be6 8. O-O Qb6 9. Qc2 Nc6 10. h3 Rc8 11. Qe2 O-O 12. b3 Rfe8 13. Nbd2 Nd5 14.
Be3 Nxc3 15. Qe1 d5 16. Nb1 Nxb1 17. Rxb1 Nb4 18. Qd2 Nxd3 19. Qxd3 Bf5 20. Qd2 Bxb1 21. Rxb1 Qc7 22. Rc1 Qxc1+ 23. Qxc1 Rxc1+ 24. Bxc1 Rc8 25. Be3 Rc2 26. a3 Ra2 27. a4 Rb2 0-1

[Event "Open NK Rapid 2025 bord 26-50"]
[Site "Helmond, Netherlands"]
[Date "2025.05.03"]
[Round "2.1"]
[White "Taams, Lisanne"]
[Black "Shakya, Amin"]
[Result "1-0"]
[TimeControl "15 min +5 sec increment"]
[WhiteFideId "1055852"]
[BlackFideId "12311677"]
[WhiteElo "2078"]
[BlackElo "1826"]

1. Nf3 c6 2. c4 Nf6 3. Nc3 d5 4. e3 Bg4 5. Qb3 Qb6 6. Qxb6 axb6 7. cxd5 Bxf3 8. gxf3 Nbd7 9. dxc6 bxc6 10.
d4 e6 11. Rg1 g6 12. Bd2 b5 13. Ne4 Nxe4 14. fxe4 Be7 15.
Bd3 Nb6 16. Ke2 Na4 17. b3 Nb6 18. Rgc1 Kd7 19. f4 f6 20. Bc3 f5 21. d5 Rhd8 22. dxc6+ Kxc6 23. Bf6+ Kb7 24. Bxe7 Rd7 25.
Bb4 Rad8 26. Bxb5 Rf7 27. a4 fxe4 28. Bc6+ Ka6 29. Bxe4 Nd5 30. Rc6+ Kb7 31. Rxe6 Kb8 32. Bd6+ Kc8 33.
Bxd5 1-0

[Event "Open NK Rapid 2025 bord 26-50"]
[Site "Helmond, Netherlands"]
[Date "2025.05.03"]
[Round "2.2"]
[White "Elferink, Leon"]
[Black "Becx, Cesar"]
[Result "0-1"]
[TimeControl "15 min +5 sec increment"]
[WhiteFideId "1086545"]
[BlackFideId "1001183"]
[WhiteElo "1822"]
[BlackElo "2075"]

1. e4 e5 2. Nf3 Nc6 3. Bb5 Nd4 4. Nxd4 exd4 5. c3 Bc5 6. O-O c6 7. Bd3 d6 8. Re1 Be6 9. b4 Bb6 10.
Bb2 dxc3 11. Nxc3 Nf6 12. Bc2 Ng4 13. Rf1 Qh4 14. h3 Nxf2 15. Rxf2 Bxf2+ 16. Kf1 Bd4 17. Qf3 O-O 18. Rb1 f5 19.
e5 dxe5 20. Bb3 Bxb3 21. axb3 e4 22.
Qe2 Rae8 23. Qc4+ Rf7 24. Qxd4 Rd8 25. Qe3 Rd3 26. Qf2 Qxf2+ 27. Kxf2 Rxd2+ 28. Ne2 Rfd7 29. Bc3 Ra2 30. Bd4 Rxd4 31.
Ke3 Rd3+ 0-1

[Event "Open NK Rapid 2025 bord 26-50"]
[Site "Helmond, Netherlands"]
[Date "2025.05.03"]
[Round "2.3"]
[White "Ruben, Berend"]
[Black "Khatniuk, Anastasiia"]
[Result "0-1"]
[TimeControl "15 min +5 sec increment"]
[WhiteFideId "1084682"]
[BlackFideId "14179105"]
[WhiteElo "2074"]
[BlackElo "1822"]

1. e4 c5 2. Nf3 e6 3. d4 cxd4 4. Nxd4 a6 5. Nc3 b5 6. a3 Bb7 7. Be2 Ne7 8. O-O Nbc6 9. Bg5 h6 10.
Bh4 Qb6 11. Nf3 g5 12. Bg3 Bg7 13. Qd6 Nc8 14. Qd2 O-O 15. Qxd7 Rd8 16. Qc7 Qxc7 17. Bxc7 Rd7 18. Bg3 Nb6 19.
Rad1 Rad8 20. Rxd7 Rxd7 21. Rd1 Rxd1+ 22. Nxd1 Na4 23. b3 Nc5 24. Bd3 Nd4 25. Nxd4 Bxd4 26. e5 Nd7 27. Kf1 Nxe5 28.
Bxe5 Bxe5 29. c4 bxc4 30. Bxc4 Kf8 31. h3 Ke7 32. f3 f5 33. Ke2 h5 34. Nf2 Bb2 35. a4 Bc3 36. Nd3 Kd6 37.
Ke3 a5 38. Nc1 e5 39. Bf7 Bd4+ 40. Kd3 h4 41. Bc4 Bc5 42. Ke2 e4 43. fxe4 Bxe4 44. Kf1 Be3 45. Ne2 Kc5 46. Nc3 Bc6 47. Nd1 Bd4 48. Nf2 Kb4 49.
Be6 Bxf2 50. Kxf2 Be4 51. Ke3 Bxg2 52. Bxf5 Kxb3 53. Bd7 Kc4 54. Kf2 Bd5 55. Ke3 Kb4 56. Kd4 Bb3 57. Ke5 Bxa4 58.
Bf5 Bd1 59. Kf6 g4 60. Bxg4 Bxg4 61. hxg4 h3 62. g5 h2 63. g6 h1=Q 64. Kg7 Qa1+ 65. Kh7 a4 66. Kg8 Qf6 67. Kh7 Kc5 68.
g7 0-1

[Event "Open NK Rapid 2025 bord 26-50"]
[Site "Helmond, Netherlands"]
[Date "2025.05.03"]
[Round "2.4"]
[White "Werkhoven, Maarten"]
[Black "Chua, Ethan"]
[Result "0-1"]
[TimeControl "15 min +5 sec increment"]
[WhiteFideId "1014188"]
[BlackFideId "1089250"]
[WhiteElo "1822"]
[BlackElo "2069"]

1. Nc3 d5 2. e4 d4 3. Nce2 e5 4. Nf3 Nc6 5. Ng3 h5 6. h4 Bg4 7. Be2 Nf6 8. d3 Qd7 9. Bg5 Be7 10.
Bxf6 Bxf6 11. Nh2 Bxe2 12. Qxe2 g6 13. Nf3 O-O-O 14. O-O-O Qe6 15. b3 Qd6 16. Ng5 Qa3+ 17. Kd2 Qb4+ 18.
Kc1 Be7 19. Rd2 Qc3 0-1

[Event "Open NK Rapid 2025 bord 26-50"]
[Site "Helmond, Netherlands"]
[Date "2025.05.03"]
[Round "2.5"]
[White "Geboers, Jimmy"]
[Black "Robinson, Roland"]
[Result "1-0"]
[TimeControl "15 min +5 sec increment"]
[WhiteFideId "262919"]
[BlackFideId "1029142"]
[WhiteElo "2065"]
[BlackElo "1819"]

1. d4 b5 2. e4 Bb7 3. f3 a6 4. c4 bxc4 5. Bxc4 e6 6. Ne2 Bb4+ 7. Bd2 a5 8. O-O Bxd2 9. Nxd2 d6 10.
Qb3 Qc8 11. Nf4 a4 12. Bb5+ Bc6 13. Bxc6+ Nxc6 14. Qb5 Qd7 15. d5 Ne5 16. Qxd7+ Kxd7 17. Rac1 Nf6 18. Nc4 Nxc4 19. Rxc4 Rhb8 20. Rf2 e5 21.
Nd3 g5 22. Rfc2 Ne8 23. R2c3 Rb7 24. Ra3 Rba7 25. Rb4 Kc8 26. Kf1 h5 27. Ke1 Nf6 28. Kd2 Nd7 29. Rc4 Nb6 30. Rc6 Kd7 31.
Nc1 g4 32. Ne2 gxf3 33. gxf3 h4 34. Ke1 Rg8 35. Kf2 Raa8 36. Rac3 Rac8 37. Rc2 f6 38. Nc3 h3 39. Kf1 Rgf8 40.
Nb5 Na8 41. R6c4 Nb6 42. Rxc7+ Rxc7 43. Rxc7+ Kd8 44. Rc6 Nd7 45. Nxd6 Ke7 46. Nf5+ Kd8 47. Ra6 Kc7 48. Rxa4 Rg8 49.
Ra7+ 1-0

[Event "Open NK Rapid 2025 bord 26-50"]
[Site "Helmond, Netherlands"]
[Date "2025.05.03"]
[Round "2.6"]
[White "Roebers, Jan"]
[Black "Kazi, Zidan"]
[Result "1-0"]
[TimeControl "15 min +5 sec increment"]
[WhiteFideId "1007815"]
[BlackFideId "40102300"]
[WhiteElo "2058"]
[BlackElo "1818"]

1. e4 e5 2. f4 exf4 3. Bc4 Qh4+ 4. Kf1 Nf6 5. Nf3 Qh6 6. Nc3 d6 7. d4 Nc6 8. Nb5 Kd8 9. Qe2 Bg4 10.
c3 a6 11. Na3 Nh5 12. Kf2 Be7 13. Rf1 Bh4+ 14. Kg1 Bg3 15. hxg3 Nxg3 16. Qd1 Qh1+ 17. Kf2 Nxe4+ 18. Ke2 Qxg2+ 19. Kd3 Nf2+ 20. Rxf2 Qxf2 21. Bd5 Bxf3 22. Bxf3 g5 23. Qh1 Qg3 24. Kc2 Kd7 25. Bd2 g4 26. Be4 h5 27. Rg1 Qh3 28.
Qxh3 gxh3 29. Bf5+ Ke7 30. Bxf4 Rhg8 31.
Re1+ Kf6 32. Bxh3 Rae8 33. Rf1 Kg6 34. Nc4 Re4 35. Ne3 Kg7 36. Kd3 Rge8 37. Nf5+ Kh8 38. Bg5 Re1 39. Rf3 R1e2 40. Rg3 R2e6 41. d5 Ne5+ 42.
Kd4 c5+ 43. dxc6 Nxc6+ 44. Kd3 Ne5+ 45. Kc2 Ng6 46. Nd4 Re4 47. Bf6+ Kh7 48. Rg5 Kh6 49.
Nf5+ Kh7 50. Rxh5+ Kg8 51. Nh4 Re2+ 52. Kb3 Rf2 53. Bd4 Rf4 54. Nxg6 fxg6 55. Rh8+ Kf7 56. Rh7+ Kg8 57. Rxb7 Rh4 58. Bg2 Rh5 59. c4 Re2 60. Bd5+ Kf8 61. Bf6 Rh3+ 62. Ka4 Ke8 63. a3 Rf2 64. Bc6+ Kf8 65.
Bg7+ Kg8 66. Bd5+ Kh7 67. Bd4+ Kh6 68. Bxf2 Rh2 69. Bd4 Rh4 70. Bc3 Rh5 71. Rb8 Kg5 72. Ka5 Kf4 73. Kxa6 g5 74. Kb6 g4 75.
a4 g3 76. a5 Ke3 77. a6 Kf2 78.
a7 g2 79. Bxg2 Kxg2 80. a8=Q+ Kg3 81. Rg8+ Kf4 82. Qf8+ Ke4 83. Rg4+ Ke3 84. Qf4+ Ke2 85. Qe4+ Kf1 86. Qf3# 1-0

[Event "Open NK Rapid 2025 bord 26-50"]
[Site "Helmond, Netherlands"]
[Date "2025.05.03"]
[Round "2.7"]
[White "Omnes, Tiago"]
[Black "Margaryan, Aren"]
[Result "0-1"]
[TimeControl "15 min +5 sec increment"]
[WhiteFideId "1091867"]
[BlackFideId "40105075"]
[WhiteElo "1813"]
[BlackElo "2054"]

1. e4 e5 2. Nf3 Nc6 3. d4 exd4 4. Bc4 Nf6 5. e5 d5 6. Bb5 Ne4 7. Nxd4 Bd7 8. Bxc6 bxc6 9. O-O Bc5 10. f3 Ng5 11. f4 Ne4 12. Be3 Rb8 13. Qc1 O-O 14.
c3 Bb6 15. Nd2 c5 16. N4f3 Nxd2 17. Qxd2 Bb5 18. Rf2 Qd7 19. Rd1 Rfd8 20. b3 Qe7 21. f5 Ba5 22. Bg5 f6 23. exf6 gxf6 24.
Re1 Qf7 25. Bh4 Re8 26. Rxe8+ Rxe8 27. b4 cxb4 28. cxb4 Bb6 29. Nd4 Bxd4 0-1

[Event "Open NK Rapid 2025 bord 26-50"]
[Site "Helmond, Netherlands"]
[Date "2025.05.03"]
[Round "2.8"]
[White "Ritzerveld, Noah"]
[Black "Hollands, Maxim"]
[Result "1-0"]
[TimeControl "15 min +5 sec increment"]
[WhiteFideId "1085760"]
[BlackFideId "1042335"]
[WhiteElo "2053"]
[BlackElo "1814"]

1. e4 d6 2. d4 Nf6 3.
Nc3 g6 4. Be3 Bg7 5. Qd2 c6 6.
f3 b5 7.
O-O-O h5 8. Kb1 a5 9. d5 b4 10. Na4 c5 11. e5 Nfd7 12.
e6 fxe6 13. dxe6 Ne5 14. Qd5 Ra7 15. Bb5+ Kf8 16. Nxc5 Qc7 17. Ne2 Bf6 18. Ne4 Bb7 19. Qd2 Bxe4 20. Bxa7 Bxc2+ 21. Qxc2 Qxa7 22. Qe4 Kg7 23. f4 Ng4 24. Bd3 Rh6 25. Rhf1 Nf2 26.
Rxf2 Qxf2 27. Rc1 Qb6 28. Rc8 b3 29. a3 g5 30. fxg5 Bxg5 31. Qf5 1-0

[Event "Open NK Rapid 2025 bord 26-50"]
[Site "Helmond, Netherlands"]
[Date "2025.05.03"]
[Round "2.9"]
[White "Van Beek, Harmen"]
[Black "Kshirsagar, Pranav"]
[Result "0-1"]
[TimeControl "15 min +5 sec increment"]
[WhiteFideId "40100022"]
[BlackFideId "1084011"]
[WhiteElo "1806"]
[BlackElo "2049"]

1. e4 c6 2. d4 d5 3. exd5 cxd5 4. Bd3 Nc6 5. c3 Nf6 6. h3 g6 7. Bf4 Bg7 8. Nf3 O-O 9. O-O Re8 10.
Re1 Qb6 11. Qb3 Bf5 12. Bxf5 gxf5 13. Ne5 Ne4 14. Nd3 Qa6 15. Qc2 Rac8 16. Qe2 Nd8 17. Nb4 Qa5 18. Be5 f6 19. Bh2 e6 20.
f3 Ng5 21. h4 Ngf7 22. Nd2 Nc6 23.
Nb3 Qb6 24. Nxd5 exd5 25. Qxe8+ Rxe8 26. Rxe8+ Bf8 27. Nc5 Ncd8 28.
Nd7 Qc6 29. Rxf8+ Kg7 30. Re1 Qxd7 31.
Ree8 h6 32. Bf4 Ne6 33. Rg8+ Kh7 34. Ref8 Nxf4 0-1

[Event "Open NK Rapid 2025 bord 26-50"]
[Site "Helmond, Netherlands"]
[Date "2025.05.03"]
[Round "2.10"]
[White "Van Ravensteijn, Antal"]
[Black "Sleeckx, Alexander"]
[Result "1-0"]
[TimeControl "15 min +5 sec increment"]
[WhiteFideId "1060759"]
[BlackFideId "1091972"]
[WhiteElo "2048"]
[BlackElo "1813"]

1. Nf3 Nf6 2. g3 b5 3. Bg2 Bb7 4. O-O e6 5. b3 Be7 6. Bb2 O-O 7. c4 bxc4 8. bxc4 d5 9. cxd5 exd5 10. d4 Nc6 11. Nc3 Na5 12.
Rb1 c5 13. dxc5 Bxc5 14. Na4 Bd6 15. Bc3 Ba6 16. Nd4 Rc8 17. Nf5 Re8 18. Bxa5 Qxa5 19. Nxd6 Bxe2 20. Qd4 Bxf1 21. Nxe8 Rxe8 22.
Bxf1 Re4 23. Rb8+ Ne8 24. Qxe4 1-0

[Event "Open NK Rapid 2025 bord 26-50"]
[Site "Helmond, Netherlands"]
[Date "2025.05.03"]
[Round "2.11"]
[White "Chaganti, Prahasith Reddy"]
[Black "Thodam, Malte"]
[Result "0-1"]
[TimeControl "15 min +5 sec increment"]
[WhiteFideId "34697586"]
[BlackFideId "24687120"]
[WhiteElo "1799"]
[BlackElo "2044"]

1. e4 e5 2. Nf3 Nc6 3. Bc4 Nf6 4.
Ng5 d5 5. exd5 Na5 6. Bb5+ c6 7. dxc6 bxc6 8. Bd3 Nd5 9. Nf3 Bd6 10. O-O O-O 11.
Re1 Qc7 12. Nc3 f5 13. Bf1 e4 14. Nxd5 cxd5 15. Nd4 Bxh2+ 16. Kh1 Be5 17. Nb5 Qd8 18. g3 f4 19. d4 fxg3 20. fxg3 Bxg3 21.
Re2 Qh4+ 22. Kg1 Bg4 0-1

[Event "Open NK Rapid 2025 bord 26-50"]
[Site "Helmond, Netherlands"]
[Date "2025.05.03"]
[Round "2.12"]
[White "Aarts, Joaquin"]
[Black "Ngangbam, Chingthang"]
[Result "1-0"]
[TimeControl "15 min +5 sec increment"]
[WhiteFideId "1078224"]
[BlackFideId "1086510"]
[WhiteElo "2027"]
[BlackElo "1812"]

1. d4 Nf6 2. c4 g6 3. Nc3 d5 4. Bg5 Ne4 5. Bf4 Nxc3 6. bxc3 Bg7 7. Nf3 O-O 8. e3 c5 9. cxd5 Qxd5 10.
Be2 Nc6 11. O-O Bg4 12. h3 Bxf3 13. Bxf3 Qd7 14. Rb1 Rfd8 15. d5 Ne5 16. Bxe5 Bxe5 17. c4 Rab8 18. a4 b6 19. e4 Bd4 20.
Bg4 Qd6 21. Kh1 Qf4 22. Qc2 h5 23. g3 Qf6 24. Be2 e5 25.
Kg2 h4 26. Bd3 g5 27. Qe2 Kg7 28. Qg4 Qg6 29. Rg1 Rh8 30. Rgf1 Rh6 31. Rh1 Qf6 32. Rbf1 Rg6 33. Be2 Rh8 34.
Qd7 a5 35. Bg4 Rd8 36. Qb5 Qd6 37. Rb1 Rf6 38. Rhf1 Rb8 39. Qb3 Rd8 40. Qc2 Rb8 41. Qd2 Kh6 42. gxh4 Rg8 43. hxg5+ Rxg5 44.
h4 1-0

[Event "Open NK Rapid 2025 bord 26-50"]
[Site "Helmond, Netherlands"]
[Date "2025.05.03"]
[Round "2.13"]
[White "Timmer, Michel"]
[Black "Grooten, Tommy"]
[Result "0-1"]
[TimeControl "15 min +5 sec increment"]
[WhiteFideId "40104524"]
[BlackFideId "1068806"]
[WhiteElo "1796"]
[BlackElo "2027"]

1. e4 c5 2. c3 Nf6 3. e5 Nd5 4. Nf3 d6 5.
Bb5+ Bd7 6. Bc4 e6 7. O-O Nc6 8. d4 cxd4 9. Bxd5 exd5 10. Bf4 dxe5 11. Bxe5 Nxe5 12. Nxe5 Be7 13. Qxd4 Be6 14.
Nd2 O-O 15. Rfe1 Qc7 16. Nb3 Rfe8 17. Nf3 Bf6 18. Qd3 Qb6 19. Qc2 Rac8 20. Rad1 g6 21. Nbd4 Bg4 22. Rxe8+ Rxe8 23. h3 Bd7 24.
Qb3 Qxb3 25. Nxb3 Bc6 26. Nbd4 Ba4 27. Rd2 b6 28. Ne2 Bc6 29. Ned4 Bb7 30. Nb5 Rd8 31. a3 a6 32. Nbd4 Kg7 33.
Nh2 h5 34. g4 Re8 35. Kg2 hxg4 36. hxg4 Bg5 37. Rc2 Re4 38. f3 Re1 39. Nf1 Bc8 40. Nd2 Bd7 41. N2b3 Ba4 42. Kf2 Bh4+ 43.
Kg2 Bf6 44. Rd2 Bg5 45. Rc2 Bf4 46. Rf2 Rb1 47. Re2 0-1

[Event "Open NK Rapid 2025 bord 26-50"]
[Site "Helmond, Netherlands"]
[Date "2025.05.03"]
[Round "2.14"]
[White "Alhasan, Husam"]
[Black "Klein, Ron"]
[Result "0-1"]
[TimeControl "15 min +5 sec increment"]
[WhiteFideId "11515090"]
[BlackFideId "1014668"]
[WhiteElo "1795"]
[BlackElo "2014"]

1. d4 d5 2. c4 c6 3. Nc3 Nf6 4. e3 Bf5 5. Nf3 e6 6. h3 Nbd7 7. Be2 Be7 8. g4 Bg6 9. Nh4 Qc7 10.
a3 a5 11. Bd2 Ne4 12. Nxg6 Nxc3 13. Bxc3 hxg6 14. cxd5 exd5 15. Bd3 Bd6 16. Qe2 Nf6 17. f4 Ne4 18. Bxe4 dxe4 19. d5 Rh7 20.
dxc6 Qxc6 21. Rc1 Qa6 22. Qc2 Qd3 23. Qxd3 exd3 24. Kd2 a4 25. Kxd3 f5 26. Ke2 Ke7 27. Kf3 Rah8 28. Kg2 fxg4 29.
hxg4 Rxh1 30. Rxh1 Rxh1 31. Kxh1 Bc5 32. Bd4 Bxd4 33. exd4 Kd6 34. Kg2 Kd5 35. Kf3 Kxd4 36. f5 g5 37. Ke2 Kc4 38. Ke3 Kb3 39. Ke4 Kxb2 40. Ke5 Kxa3 41.
f6 gxf6+ 42. Kxf6 b5 43. Kxg5 b4 44.
Kh6 b3 45. g5 b2 46. g6 b1=Q 47. g7 Qb3 0-1

[Event "Open NK Rapid 2025 bord 26-50"]
[Site "Helmond, Netherlands"]
[Date "2025.05.03"]
[Round "2.15"]
[White "Vogel, Jaap"]
[Black "Quintus, Max"]
[Result "1/2-1/2"]
[TimeControl "15 min +5 sec increment"]
[WhiteFideId "1000764"]
[BlackFideId "1091450"]
[WhiteElo "2006"]
[BlackElo "1803"]

1. d4 Nf6 2. Nf3 d5 3. Bf4 c5 4. e3 Nc6 5. Nbd2 Bf5 6.
Bb5 a6 7. Bxc6+ bxc6 8. dxc5 Qa5 9. Nd4 Bd7 10. N4b3 Qb5 11. a4 Qb7 12. O-O g6 13. Be5 Bg7 14. e4 O-O 15. exd5 Nxd5 16.
Bxg7 Kxg7 17. Nc4 Rad8 18. Qf3 f6 19. Qg3 Qb4 20. Ne3 Nf4 21. Kh1 e5 22. Rfd1 Be6 23. Qf3 Nd5 24. Qe2 Nf4 25. Qxa6 Qe4 26. Nd2 Rxd2 27. Rxd2 Bd5 28. Rxd5 cxd5 29. Qf1 Rb8 30. a5 d4 31. Nc4 Qd5 32.
Nb6 Ne6 33. b4 Rb7 34. Qc4 Qxc4 35. Nxc4 Rxb4 36. Nd6 Nxc5 37. f4 1/2-1/2

[Event "Open NK Rapid 2025 bord 26-50"]
[Site "Helmond, Netherlands"]
[Date "2025.05.03"]
[Round "2.16"]
[White "Husers, Yannic"]
[Black "Ten Kate, Gustav"]
[Result "1-0"]
[TimeControl "15 min +5 sec increment"]
[WhiteFideId "1043587"]
[BlackFideId "1095781"]
[WhiteElo "2002"]
[BlackElo "1800"]

1. e4 e6 2. d4 d5 3.
Nd2 Nf6 4. e5 Nfd7 5. f4 c5 6. c3 Nc6 7. Ndf3 a6 8. Bd3 cxd4 9. cxd4 Qb6 10. Ne2 Be7 11. O-O f6 12. Kh1 O-O 13.
g4 fxe5 14. dxe5 Nc5 15. Bb1 Bd7 16. Ng3 Rac8 17. f5 Qb4 18. f6 gxf6 19. exf6 Bxf6 20. Nh5 Ne4 21. g5 Bxb2 22. Bxb2 Qxb2 23.
Bxe4 dxe4 24. Nh4 Rxf1+ 25. Qxf1 Be8 26. Nf6+ Kg7 27. Rb1 Qa3 28. Rxb7+ Ne7 29. Nxe8+ Rxe8 30. Qf6+ Kg8 31. Qxe6+ Kf8 32. Rb1 Ng6 33. Rf1+ Kg7 34.
Qf7+ Kh8 35. Qxe8+ 1-0

[Event "Open NK Rapid 2025 bord 26-50"]
[Site "Helmond, Netherlands"]
[Date "2025.05.03"]
[Round "2.17"]
[White "Kryshtopa, Dmytro"]
[Black "Jansz, Wilfred"]
[Result "0-1"]
[TimeControl "15 min +5 sec increment"]
[WhiteFideId "34160876"]
[BlackFideId "40107353"]
[WhiteElo "1791"]
[BlackElo "1996"]

1. e4 c5 2. b3 d6 3. Bb2 Nf6 4. Bb5+ Nbd7 5. e5 dxe5 6. Bxe5 a6 7. Bxd7+ Bxd7 8. Nf3 e6 9. O-O Be7 10.
d3 O-O 11. Nbd2 Bc6 12. Qe2 b5 13. Ne4 Nxe4 14. dxe4 f6 15. Rad1 Qe8 16. Bc7 Rc8 17. Bf4 e5 18. Bc1 Qg6 19.
Rfe1 Rfd8 20. Nh4 Qf7 21. Nf5 Bf8 22. f3 g6 23. Ne3 Be7 24. c4 Rd4 25. Nd5 Bxd5 26. exd5 bxc4 27. bxc4 Bd6 28.
Be3 Rxd1 29. Rxd1 Rb8 30. Qf2 Qc7 31. Qh4 Qe7 32. Qf2 Rb4 33. Qc2 Qb7 34. Bc1 a5 35. h4 Qa6 36. Bd2 Qxc4 37.
Qxc4 Rxc4 38. Bxa5 Rxh4 39. g4 f5 40. Bd8 Rh3 41. Kg2 fxg4 42. fxg4 Ra3 43. Rd2 c4 44. Re2 Kf7 0-1

[Event "Open NK Rapid 2025 bord 26-50"]
[Site "Helmond, Netherlands"]
[Date "2025.05.03"]
[Round "2.18"]
[White "Schleipfenbauer, Bent"]
[Black "Kakrana, Reyansh"]
[Result "0-1"]
[TimeControl "15 min +5 sec increment"]
[WhiteFideId "1048759"]
[BlackFideId "1094092"]
[WhiteElo "1992"]
[BlackElo "1796"]

1. e4 c6 2. d4 d5 3. e5 c5 4. dxc5 e6 5. a3 Bxc5 6. b4 Bb6 7. Bb2 Ne7 8. Bd3 O-O 9. Nf3 h6 10. O-O Nf5 11. Kh1 Nh4 12. Nbd2 a5 13. b5 Nd7 14. a4 Nxf3 15.
Nxf3 Nc5 16. Ba3 Nxd3 17. cxd3 Re8 18. d4 f6 19. Qd3 Qd7 20. exf6 gxf6 21. Qg6+ Kh8 22. Qxh6+ Qh7 23. Qxf6+ Qg7 24. Qh4+ Qh7 25.
Qxh7+ Kxh7 26. Rac1 Rg8 27. h3 Rg7 28. Bd6 Bd7 29. Bc7 Bxb5 30. Bxb6 Bxf1 31. Rxf1 Rc8 32. Bxa5 Ra8 33. Bd2 Rxa4 34.
Ng5+ Kg8 35. Nxe6 Re7 36. Re1 Ra6 37. Nf4 Rxe1+ 38. Bxe1 Ra1 39. Nxd5 Rxe1+ 40. Kh2 Rd1 41. Ne7+ Kf7 42. Nf5 Kf6 43. g4 b5 44. Nd6 b4 45. f4 Rxd4 46. Nb5 Rxf4 47. Kg3 Rc4 48. h4 b3 49. g5+ Kg6 50. Nd6 Rd4 51. Nb5 Rd3+ 52. Kg4 b2 53. h5+ Kg7 0-1

[Event "Open NK Rapid 2025 bord 26-50"]
[Site "Helmond, Netherlands"]
[Date "2025.05.03"]
[Round "2.19"]
[White "Zhou, Yanyang"]
[Black "Den Heijer, Rolinde"]
[Result "0-1"]
[TimeControl "15 min +5 sec increment"]
[WhiteFideId "40109739"]
[BlackFideId "1068300"]
[WhiteElo "1785"]
[BlackElo "1991"]

1. e4 c5 2. Nf3 d6 3. Bb5+ Bd7 4.
Bxd7+ Nxd7 5. O-O g6 6. c3 Ngf6 7. Re1 Bg7 8. d4 O-O 9. Nbd2 cxd4 10. cxd4 Rc8 11. Nf1 Qb6 12. b3 Rfd8 13.
Bb2 d5 14. e5 Ne4 15. N1d2 Nc3 16. Bxc3 Rxc3 17. Rc1 Rdc8 18. Rxc3 Rxc3 19. Nb1 Rc8 20. Qd2 Qc6 21. Na3 Nf8 22.
Re2 Qa6 23. Nb1 Bh6 24. Qb2 Bc1 25. Qa1 Qxe2 26. Nc3 Qc2 27. Ne1 Qxc3 28. Qxc3 Rxc3 29. Kf1 Ne6 30. Nf3 Bb2 31. Ke2 Rc2+ 32.
Ke3 Bc1+ 33. Kd3 Rxf2 34. Ne1 Nf4+ 35. Kc3 Bd2+ 36. Kc2 Bxe1+ 37. Kc1 Bc3 38. Kb1 Ne6 39. Kc1 Nxd4 40. Kb1 Rf1# 0-1

[Event "Open NK Rapid 2025 bord 26-50"]
[Site "Helmond, Netherlands"]
[Date "2025.05.03"]
[Round "2.20"]
[White "Apon, Iwahn"]
[Black "Mau-Asam, LÃ©on"]
[Result "1-0"]
[TimeControl "15 min +5 sec increment"]
[WhiteFideId "1056115"]
[BlackFideId "40105890"]
[WhiteElo "1987"]
[BlackElo "1795"]

1. Nf3 Nf6 2. c4 g6 3. d4 Bg7 4. g3 d6 5. Bg2 O-O 6. Nc3 Nbd7 7. b3 e5 8. dxe5 dxe5 9. Bb2 c6 10.
Qd2 Qe7 11. O-O Nc5 12. Rad1 Nfe4 13. Qe3 f5 14. b4 Nxc3 15. Bxc3 Nd7 16. c5 e4 17. Bxg7 Kxg7 18. Rd6 Rf6 19.
Rfd1 Rxd6 20. Rxd6 Nf6 21. Nd2 Be6 22. Qd4 Bd5 23. e3 Kf7 24. Bf1 b5 25. Bxb5 Rc8 26. Bc4 Rc7 27. Nb3 Rb7 28.
a3 Bxc4 29. Qxc4+ Kf8 30. Na5 Rc7 31. Qd4 Kg7 32. Nxc6 Qf7 33. Nd8 Qe7 34. Ne6+ 1-0

[Event "Open NK Rapid 2025 bord 26-50"]
[Site "Helmond, Netherlands"]
[Date "2025.05.03"]
[Round "2.21"]
[White "Rogozyanskiy, Alexander"]
[Black "Hoornstra, Hans"]
[Result "1-0"]
[TimeControl "15 min +5 sec increment"]
[WhiteFideId "1092138"]
[BlackFideId "1036076"]
[WhiteElo "1726"]
[BlackElo "1976"]

1. e4 c5 2. Nf3 Nc6 3. Bb5 Nf6 4. Bxc6 dxc6 5. d3 Bg4 6. h3 Bxf3 7. Qxf3 g6 8. O-O Bg7 9. Nd2 e5 10. Nc4 Nd7 11. Nd6+ Ke7 12.
Nxf7 Qc7 13. Bg5+ Nf6 14. Nxh8 Rxh8 15. Qg3 h6 16. Be3 g5 17. Bxc5+ Kd8 18. Be3 Kc8 19. f3 Kb8 20. Rfd1 Nh5 21.
Qf2 Nf4 22. Bxa7+ Kc8 23. Bb6 Qe7 24. Qc5 Qe6 25. Qa3 Kd7 26. d4 exd4 27. c3 d3 28. Be3 Be5 29. Bxf4 Bxf4 30. Rxd3+ Kc8 31. Rad1 Bc7 32. Qa8+ Bb8 33. Qa5 Rf8 34. Rd8+ 1-0

[Event "Open NK Rapid 2025 bord 26-50"]
[Site "Helmond, Netherlands"]
[Date "2025.05.03"]
[Round "2.22"]
[White "Landman, Renzo"]
[Black "Cakmak, Metehan Tugra"]
[Result "1-0"]
[TimeControl "15 min +5 sec increment"]
[WhiteFideId "40106306"]
[BlackFideId "44583885"]
[WhiteElo "1975"]
[BlackElo "1787"]

1. e4 c5 2. Nf3 e6 3. c3 d5 4. exd5 Qxd5 5. d4 Nc6 6. Be2 Nf6 7. O-O cxd4 8. cxd4 Be7 9. Nc3 Qd8 10.
Be3 O-O 11. a3 b6 12. Ne5 Bb7 13. Bf3 Nd5 14. Nxd5 exd5 15. Nxc6 Bxc6 16. Rc1 Rc8 17. Qd3 f5 18. Bf4 Bd6 19.
Be5 Be7 20. Rfe1 Qd7 21. Qb3 Ba8 22. Be2 Rxc1 23. Rxc1 Rc8 24. Re1 Bc6 25. h3 Bd6 26. f4 g6 27. Qg3 Re8 28. Bd3 Bxe5 29.
dxe5 Re6 30. Rc1 Kf7 31. Qh4 Kf8 32. Qh6+ Kg8 33. g4 fxg4 34. hxg4 Qe8 35. Qg5 Kf7 36. f5 gxf5 37. Qxf5+ Ke7 38.
Qxh7+ Kd8 39. Qxa7 Bd7 40. Bf5 Rxe5 41. Qxb6+ Ke7 42. Qc5+ Kf7 43. Qf2 Bxf5 44. gxf5 Kf6 45. Rf1 Qg8+ 46.
Qg2 Qxg2+ 47. Kxg2 Re2+ 48. Rf2 Re4 49. Kf1 d4 50. Rd2 Kxf5 51. b4 Ke5 52. Re2 Rxe2 53. Kxe2 Kd5 54. Kd3 Kc6 55. Kxd4 Kb5 56. Kc3 Ka4 57. Kb2 Kb5 58. Kb3 Kb6 59. a4 Ka6 60. Kc4 Kb6 61. a5+ Kc6 62. b5+ Kb7 63. Kc5 Kc7 64. a6 Kc8 65.
b6 Kb8 66. Kc6 Ka8 67. b7+ Kb8 68. a7+ Kxa7 69. Kc7 1-0

[Event "Open NK Rapid 2025 bord 26-50"]
[Site "Helmond, Netherlands"]
[Date "2025.05.03"]
[Round "2.23"]
[White "Fransen, Jean-Paul"]
[Black "Fu, Ziqing"]
[Result "1-0"]
[TimeControl "15 min +5 sec increment"]
[WhiteFideId "40101487"]
[BlackFideId "40109623"]
[WhiteElo "1964"]
[BlackElo "1721"]

1. e4 e5 2. Nf3 Nc6 3. Bb5 a6 4. Ba4 b5 5. Bb3 Nf6 6. d3 d5 7. exd5 Nxd5 8. O-O Be7 9. h3 O-O 10.
Re1 Bf6 11. a4 b4 12. Nbd2 Be6 13. Nc4 Re8 14. Ncxe5 Nxe5 15. Nxe5 c5 16. Qf3 Rc8 17. Bc4 a5 18. Bd2 Bxe5 19.
Rxe5 Nf6 20. Bxe6 Rxe6 21. Rxe6 fxe6 22. Bg5 h6 23. Bh4 Qd4 24. Bxf6 Qxf6 25. Qxf6 gxf6 26. Re1 Kf7 27. Re4 e5 28.
Kf1 Kg6 29. Ke2 h5 30. Ke3 Rc6 31. Rc4 f5 32. c3 b3 33. f4 exf4+ 34. Kxf4 Kf6 35. d4 Ra6 36. Rxc5 Kg6 37. Rxf5 Ra7 38.
Rb5 Rf7+ 39. Kg3 Ra7 40. Rxb3 Ra6 41. c4 Rd6 42. d5 Rd7 43. Kf4 Rc7 44. Rc3 Kf6 45. c5 Rb7 46. c6 Rb4+ 47.
Ke3 Rxa4 48. c7 Rb4 49. c8=Q Rxb2 50. Rc6+ Kg7 51. Qd7+ Kf8 52. Rc8# 1-0